AoeStats
← Goop.Nukem

Arena

509080943Analyzed
1v1 RM · 6d ago on Sep 25, 2026· 25m 37s· 2 players
Game mode
Random Map
Map size
Tiny (2 player)
Population
200
Speed
Normal
Resources
Standard
Victory
Conquest
Starting age
Dark Age
Ending age
Imperial Age
RankedLock teamsTeams togetherTeam positionsShared explorationLock speedFull tech treeHidden civsTurbo modeCheats
Victory
Defeat
🇳🇿 Danes · New Zealand
740
+17
🇷🇴 Mongols · Romania
770
-17
Goop.Nukem
1:05 Loom
13:52 Feudal Age
19:52 Castle Age
18:42 Double-Bit Axe
18:40 Horse Collar
20:08 Fletching
20:19 Scale Mail Armor
20:29 Gambesons
21:39 Arson
Paranoia6358
10:26 Feudal Age
11:34 Loom
12:17 Town Watch
14:49 Castle Age
12:38 Double-Bit Axe
16:00 Bow Saw
21:47 Fletching
21:58 Padded Archer Armor
24:29 Wheelbarrow
25:05 Town Patrol
Connection lost

Rejoining the realm…

Still unreachable

The connection could not be restored.

Session expired

The server has moved on; the page needs a fresh start.